 Dungeon Crawl Stone Soup version 0.17-a0-1210-g1e4f09d (webtiles) character file.

278 kidanger the Cudgeler (level 6, -2/63 HPs)
             Began as an Ogre Berserker on June 4, 2015.
             Was a Priest of Trog.
             Slain by an orc
             ... wielding a +0 falchion
              (5 damage)
             ... on level 4 of the Dungeon.
             The game lasted 00:13:42 (3938 turns).

kidanger the Cudgeler (Ogre Berserker)              Turns: 3938, Time: 00:13:42

Health: -2/63      AC:  8    Str: 25    XL:     6   Next: 26%
Magic:  6/6        EV: 10    Int:  6    God:    Trog [***...]
Gold:   137        SH:  0    Dex:  9    Spells: 0 memorised, 5 levels left

rFire  . . .     SeeInvis .     p - +1 mace (protect)
rCold  + . .     Clarity  .     n - +0 robe {rC+}
rNeg   + + .     SustAt   .     (no shield)
rPois  .         Gourm    .     (helmet restricted)
rElec  .         Spirit   .     (no cloak)
rCorr  .         Warding  +     (gloves unavailable)
rMut   .         Stasis   .     (boots unavailable)
MR     .....                    r - amulet of warding
Stlth  +.........               (no ring)
                                q - ring of positive energy

@: not resistant to hostile enchantments, very unstealthy
A: unfitting armour, tough skin 1
a: Burn Spellbooks, Berserk, Trog's Hand, Renounce Religion


You were on level 4 of the Dungeon.
You worshipped Trog.
Trog was most pleased with you.
You were hungry.

You visited 1 branch of the dungeon, and saw 5 of its levels.

You collected 137 gold pieces.

Inventory:

Hand weapons
 p - a +1 mace of protection (weapon)
 v - a +0 giant club
Armour
 n - a +0 robe of cold resistance (worn)
Jewellery
 q - a ring of positive energy (left hand)
 r - an amulet of warding (around neck)
 s - an uncursed ring of positive energy
Scrolls
 a - a scroll of immolation {unknown}
 d - a scroll of fear {unknown}
 g - a scroll of random uselessness {unknown}
 h - 2 scrolls of amnesia {unknown}
 i - 3 scrolls of identify {unknown}
 k - a scroll of blinking {unknown}
 l - a scroll of remove curse {unknown}
 o - a scroll of noise {unknown}
 t - 3 scrolls of teleportation {unknown}
Potions
 e - 2 potions of curing {unknown}
 f - 3 potions of degeneration {unknown}
 u - a potion of mutation {unknown}
Comestibles
 b - 3 fruits
 c - 3 bread rations
 j - 2 slices of pizza
 m - a beef jerky


   Skills:
 - Level 4.6 Fighting
 + Level 7.7 Maces & Flails
 - Level 3.7 Dodging
 - Level 0.3 Stealth


You had 5 spell levels left.
You didn't know any spells.

Dungeon Overview and Level Annotations

Branches:
Dungeon (5/15)
 Temple: D:4-7

Altars:
Elyvilon
Okawaru


Innate Abilities, Weirdness & Mutations

You are too large for most types of armour.
You have tough skin (AC +1).


Message History

The orc is almost dead.
The orc hits you but does no damage. The orc barely misses you.
The orc barely misses you.
You closely miss the orc.
The orc is almost dead.
The orc hits you but does no damage. x3
You barely miss the orc.
The orc is almost dead.
The orc barely misses you. The orc hits you with a flail.
* * * LOW HITPOINT WARNING * * *
You hit the orc.
You kill the orc!
Trog accepts your kill. The orc closely misses you.
The orc hits you with a whip of electrocution.
* * * LOW HITPOINT WARNING * * *
You hit the orc.
The orc is moderately wounded.
The orc hits you with a falchion.
You die...

....#...#...+....'...#
....+...+...#....#...#
#'###+###...#....#...#
............#....+...#
.>..........#....#...+
............#....#...#
##+#........#....##+##
....)...'.......+
.......#..o@##+#
.......#..o)##.#
.......#.......#
.......#.......#
.......#....##.#
.......#...)##.##.#
....#+##..........#
+.$........)..#
#+##..........#


You could see 2 orcs.

Vanquished Creatures
  An ogre (D:4)
  A giant frog (D:4)
  An orc wizard (D:4)
  2 adders (D:2)
  4 worms (D:2)
  2 giant geckos (D:3)
  An orc (D:4)
  A giant cockroach (D:1)
  7 goblins
  12 hobgoblins
  11 jackals
  14 bats
  3 giant newts
  6 kobolds
  A quokka (D:3)
  A quokka skeleton (D:4)
  15 rats
83 creatures vanquished.

Notes
Turn   | Place    | Note
--------------------------------------------------------------
     0 | D:1      | kidanger the Ogre Berserker began the quest for the Orb.
     0 | D:1      | Reached XP level 1. HP: 24/24 MP: 1/1
   140 | D:1      | Reached XP level 2. HP: 24/32 MP: 2/2
   501 | D:1      | Acquired Trog's second power
   750 | D:1      | Reached XP level 3. HP: 35/40 MP: 3/3
  1150 | D:2      | Found a white marble altar of Elyvilon.
  1457 | D:2      | Reached XP level 4. HP: 30/49 MP: 4/4
  1469 | D:2      | HP: 2/73 [worm (7)]
  2348 | D:3      | Found an iron altar of Okawaru.
  2366 | D:3      | Reached skill level 5 in Maces & Flails
  3391 | D:4      | Noticed a giant frog
  3400 | D:4      | Killed a giant frog
  3400 | D:4      | Reached skill level 6 in Maces & Flails
  3400 | D:4      | Reached XP level 5. HP: 48/55 MP: 5/5
  3426 | D:4      | Noticed an ogre
  3438 | D:4      | HP: 2/55 [ogre/giant club (9)]
  3463 | D:5      | Entered Level 5 of the Dungeon
  3639 | D:4      | Killed an ogre
  3639 | D:4      | Reached skill level 7 in Maces & Flails
  3639 | D:4      | Reached XP level 6. HP: 20/63 MP: 6/6
  3937 | D:4      | HP: 2/63 [orc/whip of electrocution (4)]
  3938 | D:4      | Slain by an orc

Vault maps used:
D:1:      onia_arrival_mini_spirals
D:2:      elyvilon_altar_5, minmay_item_behind_shaft
D:3:      okawaru_ov_weapons_minmay
D:4:      minmay_temple_entry_glass, first_bread

Action                   |  1- 3 |  4- 6 || total
-------------------------+-------+-------++-------
Melee: Mace              |   127 |   159 ||   286
       Giant club        |       |    15 ||    15
Invok: Burn Spellbooks   |     1 |       ||     1
       Berserk           |       |     2 ||     2
  Use: Scroll            |       |     1 ||     1
 Stab: Sleeping          |     1 |     1 ||     2
  Eat: Chunk             |     1 |     9 ||    10
       Pizza             |       |     1 ||     1
